 Dungeon Crawl Stone Soup version 0.30.0-18-gc0e69614cb (webtiles) character file.

Game seed: 7913422193328665454

310 meatpath the Trooper (level 6, -2/40 HPs)
             Began as a Gargoyle Fighter on May 23, 2023.
             Slain by a wight
             ... wielding a +4 battleaxe
              (9 damage)
             ... on level 4 of the Dungeon.
             The game lasted 00:04:49 (2427 turns).

meatpath the Trooper (Gargoyle Fighter)             Turns: 2427, Time: 00:04:50

Health: -2/40      AC: 18    Str: 22    XL:     6   Next: 41%
Magic:  2/2        EV:  8    Int:  8    God:
Gold:   92         SH:  4    Dex:  9    Spells: 5/5 levels left

rFire   . . .        q - +1 flail (antimagic)
rCold   . . .        c - +0 buckler
rNeg    + . .        j - +0 chain mail
rPois   ∞            (no helmet)
rElec   +            l - +1 cloak
rCorr   .            (no gloves)
SInv    .            m - +2 pair of boots
Will    .....        (no amulet) Stlth
                     (no ring)
HPRegen 0.26/turn    (no ring)
MPRegen 0.08/turn

%: no passive effects
@: mighty
A: sickness immunity, AC +4, negative energy resistance 1, electricity
resistance, torment resistance 1, petrification resistance
a: no special abilities


You were on level 4 of the Dungeon.
You visited 1 branch of the dungeon, and saw 4 of its levels.

You collected 92 gold pieces.

Inventory:

Hand Weapons
 a - a +0 flail
 q - a +1 antimagic flail (weapon)
Missiles
 h - a throwing net (quivered)
Armour
 b - a +0 scale mail
 c - a +0 buckler (worn)
 j - a +0 chain mail (worn)
 l - a +1 cloak (worn)
 m - a +2 pair of boots (worn)
Wands
 e - a wand of flame (13)
Scrolls
 g - 2 scrolls of noise
 n - a scroll of teleportation {unknown}
 o - a scroll of fear {unknown}
 p - a scroll of silence {unknown}
Potions
 f - 4 potions of heal wounds {unknown}
 i - a potion of degeneration {unknown}
 k - a potion of mutation {unknown}


   Skills:
 + Level 5.1 Fighting
 + Level 4.1 Maces & Flails
 - Level 3.2 Armour
 + Level 5.1 Shields


You had 5 spell levels left.
You didn't know any spells.
Your spell library was empty.

Dungeon Overview and Level Annotations

Branches:
Dungeon (4/15)
 Temple: D:4-7

Altars:

Annotations:
D:3 3 runed translucent doors, fleet's ghost, amateur TeAE


Innate Abilities, Weirdness & Mutations

You are immune to sickness and miasma.
Your stone body is resilient. (AC +4)
You are immune to poison.
You resist negative energy. (rN+)
You are resistant to electric shocks. (rElec)
You are resistant to unholy torment.
You are immune to petrification.


Message History

The ufetubus is lightly wounded.
The ufetubus hits you but does no damage.
The ufetubus hits you. x3
You hit the ufetubus.
You kill the ufetubus!
You hit the wight.
The wight is lightly damaged.
The wight barely misses you.
You closely miss the wight.
The wight is lightly damaged.
The wight hits you but does no damage.
You hit the wight.
The wight is lightly damaged.
The wight barely misses you. The wight hits you but does no damage.
You hit the wight.
The wight is lightly damaged.
The wight hits you with a +4 battleaxe.
You closely miss the wight.
The wight is lightly damaged.
The wight hits you but does no damage.
You hit the wight but do no damage.
The wight is lightly damaged.
The wight hits you with a +4 battleaxe.
* * * LOW HITPOINT WARNING * * *
You hit the wight.
The wight is moderately damaged.
You block the wight's attack. The wight barely misses you.
You closely miss the wight.
The wight is moderately damaged.
The wight hits you with a +4 battleaxe.
* * * LOW HITPOINT WARNING * * *
You feel very mighty all of a sudden. The wight hits you but does no damage.
You sock the wight!
The wight is almost destroyed.
The wight barely misses you.
You closely miss the wight.
The wight is almost destroyed.
The wight hits you with a +4 battleaxe!
You die...

########### #.........#
#.......$.# #.........# ###
#.........# #<# #.....)...##
########.# #..........#
#......#.#######..........#
###............@z'.........>#
##......#....######..........#
#.....#.###...# ##..........#
..#.#.#.###...##....########.#
###.#.#........#.#### .#
###.#.#######..#.# #
....#.#..........#
##..#.##.####...##
##..#....####...#


You could see a wight.

Vanquished Creatures
  2 wights (D:4)
  A howler monkey (D:3)
  A hound (D:4)
  2 iguanas (D:4)
  An ufetubus (D:4)
  4 worms
  A dart slug (D:1)
  4 orcs
  4 bats
  4 endoplasms
  2 giant cockroaches
  4 goblins
  11 hobgoblins
  3 jackals (D:1)
  4 quokkas
  5 ball pythons
  6 frilled lizards
  5 kobolds
  3 rats
67 creatures vanquished.

Notes
Turn   | Place    | Note
-------+----------+-------------------------------------------
     0 | D:1      | meatpath the Gargoyle Fighter began the quest for the Orb.
     0 | D:1      | Reached XP level 1. HP: 14/14 MP: 1/1
    31 | D:1      | Reached XP level 2. HP: 17/19 MP: 2/2
   329 | D:1      | Reached XP level 3. HP: 21/24 MP: 3/3
   563 | D:1      | Found a faded altar of an unknown god.
  1275 | D:3      | Reached XP level 4. HP: 29/29 MP: 4/4
  1470 | D:3      | Noticed fleet's ghost (amateur TeAE)
  1475 | D:3      | Found a runed translucent gate.
  1475 | D:3      | Found a runed translucent gate.
  1475 | D:3      | Found a runed translucent gate.
  1477 | D:3      | Identified the +2 scale mail "Lecruimi" {Int+6}
  1987 | D:4      | Reached XP level 5. HP: 27/34 MP: 5/5
  2363 | D:4      | Reached skill level 5 in Fighting
  2363 | D:4      | Reached skill level 5 in Shields
  2363 | D:4      | Reached XP level 6. HP: 31/40 MP: 2/6
  2427 | D:4      | Slain by a wight

Illustrated notes

Levels and vault maps discovered:
D:1:      psy_arrival_radial01, layout_rooms,
          dreamdust_ecumenical_altar_hidden_monk_grotto
D:2:      layout_basic
D:3:      layout_loops_cross, biasface_ghost_orc_armoury,
          minmay_misc_feat_secret_circle, kennysheep_generic_room_11
D:4:      layout_basic, grunt_temple_overflow_open

Skill      XL: |  1  2  3  4  5  6 |
---------------+-------------------+-----
Fighting       | 4 5 |  5.1
Shields        | 4 5 |  5.1
Maces & Flails | 3 4 |  4.1
Armour         | |  3.2

Action                     |  1- 3 |  4- 6 || total
---------------------------+-------+-------++-------
  Melee: Flail             |   118 |    84 ||   202
    Use: Scroll            |       |     3 ||     3
         Potion            |       |     1 ||     1
 Armour: Scale mail        |    59 |    21 ||    80
         Chain mail        |       |    32 ||    32
  Dodge: Dodged            |    60 |    43 ||   103
  Block: Buckler           |    28 |    22 ||    50
